 Dungeon Crawl Stone Soup version 0.27-a0-1347-gd8886f0a89 (webtiles) character file.

Game seed: 11421422523656692818

55 Brandom the Sneak (level 3, -10/31 HPs)
             Began as a Demigod Delver on June 27, 2021.
             Killed from afar by an orc wizard (13 damage)
             ... with a puff of flame
             ... on level 2 of the Dungeon.
             The game lasted 00:06:10 (2989 turns).

Brandom the Sneak (Demigod Delver)                  Turns: 2989, Time: 00:06:11

Health: -10/31     AC:  9    Str: 17    XL:     3   Next: 45%
Magic:  5/5        EV:  7    Int: 12    God:
Gold:   114        SH:  0    Dex: 15    Spells: 2/2 levels left

rFire    . . .     SeeInvis .   a - +0 mace
rCold    . . .     Faith    .   (no shield)
rNeg     . . .     Spirit   .   p - +0 chain mail
rPois    .         Reflect  .   (no helmet)
rElec    .         Harm     .   g - +0 cloak
rCorr    .         Rampage  .   (no gloves)
Will     .....                  (no boots)
Stlth    ..........             e - amulet of magic regeneration
HPRegen  0.10/turn              (no ring)
MPRegen  0.34/turn              (no ring)

@: no status effects
A: high mp 1, forlorn
a: no special abilities


You were on level 2 of the Dungeon.
You visited 1 branch of the dungeon, and saw 5 of its levels.

You collected 114 gold pieces.

Inventory:

Hand Weapons
 a - a +0 mace (weapon)
Missiles
 k - 18 poisoned darts (quivered)
 o - 8 atropa-tipped darts
Armour
 b - a +0 leather armour
 g - a +0 cloak (worn)
   (You found it on level 5 of the Dungeon)
 l - a +0 ring mail
   (You found it on level 1 of the Dungeon)
 p - a +0 chain mail (worn)
   (You found it on level 1 of the Dungeon)
Jewellery
 e - an amulet of magic regeneration (around neck)
   (You found it on level 2 of the Dungeon)
Wands
 v - a wand of digging (3)
Scrolls
 c - 2 scrolls of fog
 d - a scroll of magic mapping
 i - a scroll of fear
 j - 2 scrolls of blinking {unknown}
 m - a scroll of identify {unknown}
 n - a scroll of noise {unknown}
Potions
 f - a potion of haste {@q3}
 h - 3 potions of brilliance {unknown}
 q - a potion of attraction {unknown}


   Skills:
 * Level 3.2 Fighting
 * Level 2.5 Maces & Flails
 + Level 0.7 Throwing
 + Level 2.1 Dodging
 - Level 4.5 Stealth
 + Level 0.7 Unarmed Combat


You had 2 spell levels left.
You didn't know any spells.
Your spell library was empty.

Dungeon Overview and Level Annotations

Branches:
Dungeon (5/15)
 Temple: D:4-7


Innate Abilities, Weirdness & Mutations

Your attributes grow dramatically as you level up.
You have an increased reservoir of magic. (+10% MP)
You shall have no god before yourself.


Message History

You are too injured to fight recklessly!
Unknown command.
You are too injured to fight recklessly!
Unknown command.
You are too injured to fight recklessly!
You closely miss something. Something hits you.
* * * LOW HITPOINT WARNING * * *
You miss something. Something hits you but does no damage.
The orc throws a boomerang.
Something hits you but does no damage.
You hit something but do no damage. Something hits you but does no damage.
Your chain mail prevents you from hitting something.
You hear some strange, mumbled words.
You are confused.
The orc throws a boomerang.
The boomerang hits you but does no damage.
You bump into the rock wall.
Something hits you but does no damage.
You bump into the rock wall.
Something hits you.
* * * LOW HITPOINT WARNING * * *
You bump into the rock wall.
Something hits you but does no damage.
You bump into the rock wall.
Something hits you.
* * * LOW HITPOINT WARNING * * *
You closely miss something.
You feel less confused. Something hits you but does no damage.
You completely miss something. Something hits you but does no damage.
You hear some strange, mumbled words.
A magic dart appears from out of thin air!
The magic dart hits you.
* * * LOW HITPOINT WARNING * * *
You miss something. Something hits you but does no damage.
The orc throws a boomerang.
The boomerang hits you.
* * * LOW HITPOINT WARNING * * *
You hit something but do no damage. Something hits you.
* * * LOW HITPOINT WARNING * * *
You hit something.
You hear some strange, mumbled words.
A puff of flame appears from out of thin air!
The puff of flame hits you!
You die...

#†# #.#.# #
#.########.#.### #
#.#....†.....#.# #
#.#.######.###.# # #.#
#..#.o.....####### #.#
#..#.#>.....o.....
#.#.#<.#.#.###.##o....
#.#.#.##.#.###.##.....
#.#.#@##.#...#+##.....
#.#.#{##.#......#.....
#.#.#oo..#......'....o
#.#.#.#.........######
##.#.###'####'#'#######
#...............##....o
####.#......#.####.##..
#.#......#.# #.##..
#.#......#.# #.##..


You could see 2 orcs.

Vanquished Creatures
  4 orcs
  6 ball pythons
  4 endoplasms
  A giant cockroach (D:1)
  7 goblins
  4 hobgoblins (D:2)
  3 jackals
  2 quokkas
  5 bats
  2 kobolds
  7 rats
45 creatures vanquished.

Notes
Turn   | Place    | Note
-------+----------+-------------------------------------------
     0 | D:5      | Brandom the Demigod Delver began the quest for the Orb.
     0 | D:5      | Reached XP level 1. HP: 18/18 MP: 3/3
   439 | D:2      | Reached XP level 2. HP: 24/25 MP: 4/4
   918 | D:1      | You fall into a shaft and drop 1 floor!
  1405 | D:1      | Reached XP level 3. HP: 23/31 MP: 5/5
  2989 | D:2      | Killed from afar by an orc wizard

Illustrated notes

Levels and vault maps discovered:
D:1:      giann_wishing_wells, layout_loops_corners, roderic_serpentine_path,
          minmay_pentomino_r4
D:2:      layout_basic
D:3:      corexii_shack_village, layout_basic, ashenzari_altar_1, slow_altar_2,
          nicolae_ru_awakened_eye, lemuel_round_altar
D:4:      layout_cave_pods, kennysheep_mini, minmay_temple_entry_arrows,
          ebering_ghost_sewer_d, minivault_26, kennysheep_generic_room_11
D:5:      layout_basic

Skill      XL: |  1  2 |
---------------+-------+-----
Maces & Flails | 2 |  2.5
Dodging        | 2 |  2.1
Fighting       | 3 |  3.2
Throwing       | |  0.7
Stealth        | |  4.5
Unarmed Combat | |  0.7

Action                   || total
-------------------------++-------
Melee: Mace              ||   137
 Stab: Sleeping          ||    10
       Distracted        ||     1
Armor: Leather armour    ||    16
       Ring mail         ||    14
       Chain mail        ||    44
Dodge: Dodged            ||    81

Table legend: (Time is in decaauts)
 A = Elapsed time spent in this place.
 B = Non-inter-level travel time spent in this place.
 C = Inter-level travel time spent in this place.
 D = Time resting spent in this place.
 E = Time spent auto-exploring this place.
 F = Levels seen in this place.
 G = Mean time per level.
                   A        B        C        D        E       F      G
               +--------+--------+--------+--------+--------+-----+--------+
         Total |   3032 |   3023 |      9 |    652 |   1537 |   5 |  606.4 |
       Dungeon |   3032 |   3023 |      9 |    652 |   1537 |   5 |  606.4 |
               +--------+--------+--------+--------+--------+-----+--------+

Top non-repeatable levels by time:
     D:1: 1552 daAuts
     D:2: 1407 daAuts
     D:3: 39 daAuts
     D:5: 25 daAuts
     D:4: 7 daAuts
